 Dungeon Crawl Stone Soup version 0.17.2-1-ge4368a0 (webtiles) character file.

16914 epen the Transmogrifier (level 12, -4/94 HPs)
             Began as a Formicid Monk on Sept 27, 2016.
             Was a High Priest of Cheibriados.
             Slain by an ice beast (11 damage)
             ... on level 11 of the Dungeon.
             The game lasted 00:18:58 (12215 turns).

epen the Transmogrifier (Formicid Monk)            Turns: 12215, Time: 00:18:58

Health: -4/94      AC: 15    Str: 30    XL:     12   Next: 76%
Magic:  6/20       EV: 15    Int: 25    God:    Cheibriados [*****.]
Gold:   535        SH:  0    Dex: 32    Spells: 2 memorised, 14 levels left

rFire  . . .     SeeInvis +       - Unarmed
rCold  . . .     Clarity  .     B - +3 ring mail
rNeg   . . .     SustAt   .     (no shield)
rPois  .         Gourm    .     (helmet unavailable)
rElec  .         Spirit   .     x - +1 cloak
rCorr  .         Warding  .     (no gloves)
rMut   .         Stasis   +     n - +0 pair of boots
MR     +....                    (no amulet)
Stlth  ++........               r - +4 ring of dexterity
                                C - +3 ring of dexterity

@: stone skin, heavily drained, very slow, somewhat resistant to hostile
enchantments, unstealthy
A: permanent stasis, dig shafts and tunnels, four strong arms, antennae 3,
talons 1, shaggy fur 1, no device heal 2
a: Dig, Shaft Self, Bend Time, Temporal Distortion, Slouch, Step From Time,
Renounce Religion


You were on level 11 of the Dungeon.
You worshipped Cheibriados.
Cheibriados was extremely pleased with you.
You were hungry.

You visited 2 branches of the dungeon, and saw 12 of its levels.

You collected 535 gold pieces.

Inventory:

Missiles
 y - a throwing net (quivered)
Armour
 a - a +0 robe
 n - a +0 pair of boots (worn)
 x - a +1 cloak (worn)
 B - a +3 ring mail (worn)
Jewellery
 d - an uncursed ring of magical power
 r - a +4 ring of dexterity (right hand)
 C - a +3 ring of dexterity (left hand)
 I - an uncursed ring of fire
Wands
 l - a wand of enslavement (24)
 w - a wand of heal wounds (0)
 D - a wand of fire (6)
 F - a wand of lightning (7)
Scrolls
 c - 2 scrolls of enchant armour
 f - 3 scrolls of identify
 p - 3 scrolls of remove curse
 u - 2 scrolls of fear
 E - a scroll of amnesia
Potions
 e - a potion of ambrosia
 g - 2 potions of curing
 h - a potion of invisibility {unknown}
 i - 3 potions of might
 k - a potion of brilliance
 o - a potion of resistance {unknown}
 q - a potion of flight
 s - a potion of agility {unknown}
Books
 t - a book of Transfigurations

   Spells                             Type                      Level
   a - Stoneskin                      Transmutation/Earth          2
   b - Irradiate                      Conjuration/Transmutation    5
   c - Statue Form                    Transmutation/Earth          6
   d - Hydra Form                     Transmutation                6
   e - Dragon Form                    Transmutation                7
 v - a book of Enchantments

   Spells                             Type                      Level
   a - Cause Fear                     Hexes                        4
   b - Silence                        Hexes/Air                    5
   c - Deflect Missiles               Charms/Air                   6
   d - Haste                          Charms                       6
   e - Discord                        Hexes                        8
Comestibles
 b - 7 bread rations
 j - 8 slices of pizza
 m - 6 meat rations
 z - 6 beef jerkies


   Skills:
 + Level 8.5(5.4) Fighting
 + Level 6.9(4.0) Dodging
 - Level 2.4(0.0) Stealth
 + Level 9.6(6.4) Unarmed Combat
 + Level 5.7(2.8) Spellcasting
 * Level 11.0(7.7) Transmutations
 - Level 5.6(2.7) Earth Magic
 * Level 10.2(7.0) Invocations


You had 14 spell levels left.
You knew the following spells:

 Your Spells              Type           Power        Failure   Level  Hunger
a - Stoneskin             Trmt/Erth      ####....     3%          2    ##.....
b - Statue Form           Trmt/Erth      ####.....    100%        6    #######


Dungeon Overview and Level Annotations

Branches:
Dungeon (11/15)            Temple (1/1) D:4             Orc (0/4) D:9
   Lair: D:8-11

Altars:
Ashenzari
Cheibriados
Dithmenos
Elyvilon
Fedhas
Gozag
Kikubaaqudgha
Makhleb
Nemelex Xobeh
Okawaru
Qazlal
Ru
Sif Muna
Trog
Vehumet
Xom
Yredelemnul
Zin
The Shining One

Shops:
D:5 :   D:6 %

Portals:
Ice
Cave: D:11

Annotations:
D:3 epen's ghost, amateur FoMo


Innate Abilities, Weirdness & Mutations

You are under a permanent stasis effect.
You can dig through walls and to a lower floor.
Your four strong arms can wield two-handed weapons with a shield.
You have a pair of large antennae on your head (SInv).
You have sharp toenails.
You are covered in fur (AC +1).
Potions and wands are poor at restoring your health.


Message History

The ice beast moves out of view. 2 ice beasts come into view.
The ice beast barely misses you.
You can feel time thicken for a moment.
You are feeling hungry.
Cheibriados reduces the support of your attributes as your movement quickens.
The ice beast misses you.
You completely miss the ice beast.
The ice beast is severely wounded.
The ice beast misses you.
You barely miss the ice beast.
The ice beast is severely wounded.
You hear the steady crackling of a melting archway.
The ice beast barely misses you.
You hit the ice beast.
The ice beast is severely wounded.
The ice beast hits you.
* * * LOW HITPOINT WARNING * * *
The ice beast freezes you!
You die...

#....# # #####....# ..
........# ... .......#
..Y. ......# ..... ....
Y.∩Y..####'###########
...Y...Y@............#
.....................####
..................#......
########..........#.....#
.%...####..........#
....................#
................)...#
....................#
....................#


You could see 3 ice beasts.

Vanquished Creatures
  A centaur warrior (D:8)
  Sonja (D:10)
  A manticore (D:11)
  A hill giant (D:10)
  A gargoyle (D:10)
  A troll (D:11)
  11 yaks (D:10)
  Sigmund (D:6)
  A human (D:10)
  A hill giant zombie (D:9)
  A hippogriff (D:10)
  2 hungry ghosts (D:9)
  A water moccasin (D:10)
  2 black bears
  7 ice beasts
  3 orc warriors
  12 ogres
  A sky beast (D:10)
  A wasp (D:9)
  A necrophage (D:7)
  7 centaurs
  A crocodile (D:9)
  8 giant frogs
  2 big kobolds
  4 scorpions
  A wyvern zombie (D:7)
  A wyvern skeleton (D:6)
  3 troll zombies (D:9)
  An electric eel (D:10)
  3 killer bees (D:9)
  A quasit (D:10)
  A giant frog zombie (D:6)
  8 crimson imps
  8 worker ants
  Crazy Yiuf (D:4)
  2 hounds
  5 orc priests
  6 orc wizards
  4 centaur skeletons
  Terence (D:2)
  4 iguanas
  3 gnoll shamans (D:7)
  2 sheep (D:10)
  3 ogre zombies (D:9)
  A hound skeleton (D:8)
  Robin (D:4)
  19 gnolls
  15 adders
  2 shadow imps
  2 oozes
  3 adder skeletons (D:4)
  An adder zombie (D:9)
  2 worms (D:2)
  4 giant geckos
  29 orcs
  7 bats
  3 giant cockroaches
  15 goblins
  9 hobgoblins
  15 jackals
  10 kobolds
  3 quokkas
  6 giant newts
  2 gnoll zombies (D:9)
  A goblin skeleton (D:9)
  2 goblin zombies (D:9)
  A hobgoblin skeleton (D:9)
  7 hobgoblin zombies (D:9)
  A jackal zombie (D:6)
  2 orc skeletons (D:9)
  12 orc zombies (D:9)
  4 rats
310 creatures vanquished.

Vanquished Creatures (others)
  A jackal (D:6)
  12 fungi
  8 plants
21 creatures vanquished.

Grand Total: 331 creatures vanquished

Notes
Turn   | Place    | Note
--------------------------------------------------------------
     0 | D:1      | epen the Formicid Monk began the quest for the Orb.
     0 | D:1      | Reached XP level 1. HP: 18/18 MP: 1/1
    97 | D:1      | Reached XP level 2. HP: 20/24 MP: 2/2
   593 | D:2      | Reached XP level 3. HP: 29/29 MP: 3/3
   810 | D:2      | Noticed Terence
   835 | D:2      | Killed Terence
   835 | D:2      | Reached XP level 4. HP: 12/37 MP: 4/4
  1309 | D:3      | Reached XP level 5. HP: 37/42 MP: 5/5
  1315 | D:3      | Found a stormy altar of Qazlal.
  1325 | D:3      | Found a blossoming altar of Fedhas.
  1329 | D:3      | Noticed epen's ghost (amateur FoMo)
  1525 | D:3      | Found a bloodstained altar of Trog.
  1654 | D:3      | Found a deep blue altar of Sif Muna.
  1831 | D:4      | Noticed Robin
  1922 | D:3      | Found a sparkling altar of Nemelex Xobeh.
  2457 | D:4      | Killed Robin
  2799 | D:4      | Reached skill level 5 in Unarmed Combat
  2799 | D:4      | Reached XP level 6. HP: 25/49 MP: 6/6
  2887 | D:4      | Found a glowing golden altar of the Shining One.
  2910 | D:4      | Learned a level 2 spell: Stoneskin
  2973 | D:4      | Found a staircase to the Ecumenical Temple.
  2984 | D:4      | Found an iron altar of Okawaru.
  2998 | Temple   | Entered the Ecumenical Temple
  3135 | Temple   | Became a worshipper of Cheibriados the Contemplative
  3135 | Temple   | Reached * piety under Cheibriados
  3135 | Temple   | Reached ** piety under Cheibriados
  3336 | D:4      | Noticed Crazy Yiuf
  3350 | D:4      | Killed Crazy Yiuf
  3638 | D:5      | Entered Level 5 of the Dungeon
  3638 | D:5      | Noticed an ice beast
  3657 | D:5      | Killed an ice beast
  3657 | D:5      | Reached skill level 1 in Spellcasting
  3657 | D:5      | Reached skill level 1 in Transmutations
  3796 | D:5      | Reached XP level 7. HP: 55/55 MP: 8/8
  3849 | D:5      | Found a radiant altar of Vehumet.
  3935 | D:5      | Found Cafasyto's Book Boutique.
  4139 | D:5      | Found a white marble altar of Elyvilon.
  4166 | D:5      | Reached skill level 5 in Fighting
  4418 | D:5      | Reached skill level 6 in Unarmed Combat
  4442 | D:5      | Reached XP level 8. HP: 40/62 MP: 10/10
  4844 | D:6      | Learned a level 6 spell: Statue Form
  4849 | D:6      | Noticed Sigmund
  4863 | D:6      | Killed Sigmund
  4875 | D:6      | HP: 2/64 [orc warrior/short sword (15)]
  4879 | D:6      | You fall through a shaft for 2 floors!
  5222 | D:8      | Reached skill level 5 in Dodging
  5362 | D:8      | Reached *** piety under Cheibriados
  5630 | D:6      | Reached skill level 7 in Unarmed Combat
  5630 | D:6      | Reached XP level 9. HP: 52/69 MP: 13/13
  5655 | D:6      | Reached skill level 5 in Transmutations
  5887 | D:6      | Found Hiyrauq's Food Shoppe.
  6164 | D:6      | Found an opulent altar of Gozag.
  6224 | D:6      | Reached **** piety under Cheibriados
  6800 | D:7      | Reached skill level 8 in Unarmed Combat
  7137 | D:7      | Reached XP level 10. HP: 49/77 MP: 13/15
  7154 | D:7      | Reached ***** piety under Cheibriados
  8286 | D:8      | Found a burning altar of Makhleb.
  8462 | D:8      | Noticed a centaur warrior
  8481 | D:8      | HP: 3/79 [centaur warrior (9)]
  8482 | D:8      | Killed a centaur warrior
  9243 | D:9      | Reached skill level 9 in Unarmed Combat
  9248 | D:9      | Found a staircase to the Orcish Mines.
  9301 | D:9      | Reached XP level 11. HP: 35/86 MP: 16/18
  9303 | D:9      | Reached skill level 10 in Transmutations
  9303 | D:9      | Reached skill level 5 in Earth Magic
  9303 | D:9      | Reached XP level 12. HP: 38/92 MP: 16/19
  9964 | D:9      | Found a basalt altar of Yredelemnul.
 10338 | D:9      | Reached skill level 5 in Spellcasting
 10385 | D:10     | Entered Level 10 of the Dungeon
 11161 | D:10     | Reached ****** piety under Cheibriados
 11331 | D:10     | Noticed Sonja
 11357 | D:10     | Killed Sonja
 11357 | D:10     | Reached skill level 10 in Invocations
 11745 | D:10     | Gained mutation: You are covered in fur (AC +1). [mutagenic meat]
 11746 | D:10     | Gained mutation: Potions and wands are less effective at restoring your health. [mutagenic meat]
 11747 | D:10     | Gained mutation: You have sharp toenails. [mutagenic meat]
 11748 | D:10     | Gained mutation: Potions and wands are poor at restoring your health. [mutagenic meat]
 12192 | D:11     | Found a frozen archway.
 12205 | D:11     | HP: 1/94 [manticore (11)]
 12208 | D:11     | Reached skill level 11 in Transmutations
 12215 | D:11     | Slain by an ice beast

Action                   |  1- 3 |  4- 6 |  7- 9 | 10-12 || total
-------------------------+-------+-------+-------+-------++-------
Melee: Unarmed           |   100 |   296 |   372 |   591 ||  1359
 Cast: Stoneskin         |       |       |     4 |    14 ||    18
Invok: Bend Time         |       |       |     1 |     2 ||     3
       Slouch            |       |       |       |     7 ||     7
 Abil: Dig               |       |     7 |     1 |     2 ||    10
       Shaft Self        |       |       |     1 |       ||     1
Evoke: Wand              |       |       |       |     6 ||     6
  Use: Scroll            |       |     5 |     6 |     8 ||    19
       Potion            |       |     1 |     2 |     1 ||     4
 Stab: Sleeping          |     2 |       |     1 |     7 ||    10
       Distracted        |       |       |       |     4 ||     4
  Eat: Chunk             |       |     9 |     6 |    15 ||    30
